[Event "Czech Open-E Teams 2022"]
[Site "Pardubice"]
[Date "2022.07.15"]
[Round "2.26"]
[White "Eret, Jonas"]
[Black "Malcanek, Jan"]
[Result "1/2-1/2"]
[ECO "A46"]
[WhiteElo "2219"]
[BlackElo "2049"]
[Annotator "ChessBase"]
[PlyCount "67"]
[EventDate "2022.07.14"]
[EventType "team-tourn"]
[EventCountry "CZE"]
[SourceTitle "playchess.com"]
[Source "ChessBase"]
[SourceQuality "1"]
[TimeControl "5400+30"]

1. d4 Nf6 2. Nf3 e6 3. Bf4 c5 4. e3 cxd4 5. exd4 Qb6 6. Qc1 d5 7. Bd3 Bd7 8. a4 Nc6 9. c3 Rc8 10. O-O Nh5 11. Be3 Bd6 12. Re1 Qc7 13. Nbd2 h6 14. Qd1 Nf6 15. Nf1 O-O 16. Bc2 Rfe8 17. Ng3 a6 18. Qd2 Ng4 19. Qd3 f5 20. Nf1 b5 21. Qe2 Na5 22. Bd3 Rb8 23. axb5 Bxb5 24. Bc1 Nf6 25. Ne5 Nb3 26. Ra2 Bxe5 27. dxe5 Nxc1 28. Rxc1 Nd7 29. Re1 Nc5 30. Bxb5 axb5 31. Qe3 Ra8 32. Rea1 Rxa2 33. Rxa2 Rb8 34. Qe2 1/2-1/2

[Event "Czech Open-E Teams 2022"]
[Site "Pardubice"]
[Date "2022.07.15"]
[Round "2.27"]
[White "Galda, Tomas"]
[Black "Simet, Martin"]
[Result "0-1"]
[ECO "A22"]
[WhiteElo "1790"]
[BlackElo "2155"]
[Annotator "ChessBase"]
[PlyCount "58"]
[EventDate "2022.07.14"]
[EventType "team-tourn"]
[EventCountry "CZE"]
[SourceTitle "playchess.com"]
[Source "ChessBase"]
[SourceQuality "1"]
[TimeControl "5400+30"]

1. c4 e5 2. Nc3 Nf6 3. g3 d5 4. cxd5 Nxd5 5. Bg2 Nb6 6. Nf3 Nc6 7. d3 Be7 8. O-O O-O 9. a3 Re8 10. b4 Bf8 11. Bb2 a5 12. b5 Nd4 13. a4 Bg4 14. Nd2 Bb4 15. Re1 Rb8 16. h3 Bh5 17. g4 Bg6 18. e3 Ne6 19. Nde4 Qh4 20. Ng3 Rbd8 21. Nf5 Bxf5 22. gxf5 Nc5 23. Bf1 Nc4 24. dxc4 Rxd1 25. Rexd1 Bxc3 26. Bxc3 Ne4 27. Be1 Ng5 28. Bg2 Nxh3+ 29. Kf1 Qxc4+ 0-1

[Event "Czech Open-E Teams 2022"]
[Site "Pardubice"]
[Date "2022.07.15"]
[Round "2.28"]
[White "Singleton, Michael P F"]
[Black "Hampl, Pavel"]
[Result "0-1"]
[ECO "C60"]
[WhiteElo "2042"]
[BlackElo "1632"]
[Annotator "ChessBase"]
[PlyCount "54"]
[EventDate "2022.07.14"]
[EventType "team-tourn"]
[EventCountry "CZE"]
[SourceTitle "playchess.com"]
[Source "ChessBase"]
[SourceQuality "1"]
[TimeControl "5400+30"]

1. e4 e5 2. Nf3 Nc6 3. Bb5 Nge7 4. Nc3 d6 5. d4 Bd7 6. d5 Nb8 7. O-O a6 8. Bc4 Ng6 9. Be3 Be7 10. h3 O-O 11. Qd2 f5 12. Ng5 f4 13. Bc5 Bxg5 14. Bb4 f3 15. Qd3 fxg2 16. Rfd1 Nf4 17. Qg3 Bh4 18. Qe3 Nxh3+ 19. Kxg2 Bxf2 20. Qd2 Qh4 21. Ne2 Qxe4+ 22. Kh2 Be3 23. Ng3 Bf4 24. Qc3 Bxg3+ 25. Kxg3 Qg4+ 26. Kh2 Rf2+ 27. Kh1 Qg3 0-1

[Event "Czech Open-E Teams 2022"]
[Site "Pardubice"]
[Date "2022.07.15"]
[Round "2.29"]
[White "Sodoma, Jan"]
[Black "Zigmund, David"]
[Result "1-0"]
[ECO "A31"]
[WhiteElo "2312"]
[BlackElo "1942"]
[Annotator "ChessBase"]
[PlyCount "25"]
[EventDate "2022.07.14"]
[EventType "team-tourn"]
[EventCountry "CZE"]
[SourceTitle "playchess.com"]
[Source "ChessBase"]
[SourceQuality "1"]
[TimeControl "5400+30"]

1. Nf3 Nf6 2. c4 c5 3. d4 cxd4 4. Nxd4 Nc6 5. g3 g6 6. Bg2 Bg7 7. O-O O-O 8. Nc3 a6 9. b3 Qc7 10. Bb2 d6 11. Rc1 Nxd4 12. Qxd4 Nd7 13. Qxg7+ 1-0

[Event "Czech Open-E Teams 2022"]
[Site "Pardubice"]
[Date "2022.07.15"]
[Round "2.30"]
[White "Tesar, Patrik"]
[Black "Vitak, Jiri"]
[Result "0-1"]
[ECO "A46"]
[WhiteElo "2088"]
[BlackElo "2223"]
[Annotator "ChessBase"]
[PlyCount "112"]
[EventDate "2022.07.14"]
[EventType "team-tourn"]
[EventCountry "CZE"]
[SourceTitle "playchess.com"]
[Source "ChessBase"]
[SourceQuality "1"]
[TimeControl "5400+30"]

1. d4 Nf6 2. Nf3 c5 3. dxc5 e6 4. Be3 Na6 5. c3 Nxc5 6. Bxc5 Bxc5 7. e3 d5 8. Nbd2 O-O 9. Qc2 Qc7 10. Nb3 Bd6 11. h4 e5 12. O-O-O a5 13. Nbd2 Be6 14. Ng5 a4 15. Nxe6 fxe6 16. Be2 a3 17. b3 Rfc8 18. c4 b5 19. Qd3 e4 20. Qc2 Rab8 21. c5 Bxc5 22. Kb1 Qb7 23. Qc3 b4 24. Qe5 Qe7 25. g4 Bd6 26. Qg5 Rc5 27. h5 h6 28. Qh4 Nh7 29. Qxe7 Bxe7 30. Rc1 Rbc8 31. Rxc5 Rxc5 32. Rc1 Ng5 33. Rxc5 Bxc5 34. Bf1 Kf7 35. Kc2 Kf6 36. Kd1 Nf7 37. Be2 Ne5 38. Nf1 Kg5 39. Nh2 Kh4 40. Kd2 Kh3 41. f4 Kxh2 42. fxe5 Kg3 43. Bb5 Kxg4 44. Ke2 Kf5 45. Be8 Kxe5 46. Bg6 Kf6 47. Kd2 e5 48. Ke2 Kg5 49. Bf7 d4 50. Bg6 Kg4 51. Kf2 Be7 52. exd4 exd4 53. Ke2 Kf4 54. Kd2 Bg5 55. Ke2 d3+ 56. Kd2 Ke5+ 0-1

[Event "Czech Open-E Teams 2022"]
[Site "Pardubice"]
[Date "2022.07.15"]
[Round "2.31"]
[White "Rodshtein, Tereza"]
[Black "Kastner, Jan"]
[Result "1/2-1/2"]
[ECO "B15"]
[WhiteElo "2169"]
[BlackElo "1993"]
[Annotator "ChessBase"]
[PlyCount "76"]
[EventDate "2022.07.14"]
[EventType "team-tourn"]
[EventCountry "CZE"]
[SourceTitle "playchess.com"]
[Source "ChessBase"]
[SourceQuality "1"]
[TimeControl "5400+30"]

1. e4 c6 2. d4 d5 3. Nd2 dxe4 4. Nxe4 Nf6 5. Nxf6+ exf6 6. Nf3 Bd6 7. Be2 Bf5 8. O-O O-O 9. Be3 Re8 10. c4 Nd7 11. Qb3 Qc8 12. c5 Bb8 13. Bc4 Be6 14. Bxe6 Rxe6 15. Rfd1 b6 16. Rac1 bxc5 17. dxc5 Be5 18. Qd3 Nf8 19. Nxe5 fxe5 20. Qe4 Qc7 21. Rd2 Rd8 22. Rcd1 Rxd2 23. Rxd2 h6 24. g3 Nd7 25. Qd3 Nf6 26. Qd8+ Qxd8 27. Rxd8+ Re8 28. Rd6 Re6 29. Rd3 Nd5 30. Rb3 Kf8 31. Kf1 f5 32. Ke2 g5 33. Bd2 Re7 34. h4 f4 35. hxg5 hxg5 36. gxf4 gxf4 37. f3 Kf7 38. Be1 Ke6 1/2-1/2

[Event "Czech Open-E Teams 2022"]
[Site "Pardubice"]
[Date "2022.07.15"]
[Round "2.32"]
[White "Zima, Tomas"]
[Black "Sykora, Marek"]
[Result "0-1"]
[ECO "D02"]
[WhiteElo "1861"]
[BlackElo "2240"]
[Annotator "ChessBase"]
[PlyCount "94"]
[EventDate "2022.07.14"]
[EventType "team-tourn"]
[EventCountry "CZE"]
[SourceTitle "playchess.com"]
[Source "ChessBase"]
[SourceQuality "1"]
[TimeControl "5400+30"]

1. d4 d5 2. Nf3 Nf6 3. Bf4 e6 4. Nbd2 c5 5. e3 Nc6 6. Bd3 Qb6 7. dxc5 Bxc5 8. Nb3 Be7 9. O-O O-O 10. c3 h6 11. Qe2 Nh5 12. Bc2 Nxf4 13. exf4 Bf6 14. h4 Qc7 15. Qd3 Rd8 16. g3 b6 17. Rfe1 Bb7 18. Qh7+ Kf8 19. Nh2 d4 20. Ng4 Ke7 21. Nxf6 Kxf6 22. Qd3 Rac8 23. Rac1 Qd6 24. Nd2 Ke7 25. Ne4 Qd5 26. c4 Qa5 27. a3 Kf8 28. g4 b5 29. cxb5 Ne7 30. b4 Qc7 31. Nc5 Ba8 32. Qg3 Nd5 33. Rxe6 Qxf4 34. Ree1 Qxg3+ 35. fxg3 Nc3 36. Bd3 Bf3 37. g5 hxg5 38. hxg5 Bd5 39. Re5 g6 40. Rf1 Kg7 41. Re7 Rh8 42. Rf4 Rh1+ 43. Kf2 Rch8 44. Rxd4 R8h2+ 45. Ke3 Re1+ 46. Kf4 Rf2+ 47. Kg4 Bf3+ 0-1

[Event "Czech Open-E Teams 2022"]
[Site "Pardubice"]
[Date "2022.07.15"]
[Round "2.33"]
[White "Dolensky, Filip"]
[Black "Slovak, Kilian"]
[Result "0-1"]
[ECO "B30"]
[WhiteElo "2051"]
[BlackElo "2321"]
[Annotator "ChessBase"]
[PlyCount "54"]
[EventDate "2022.07.14"]
[EventType "team-tourn"]
[EventCountry "CZE"]
[SourceTitle "playchess.com"]
[Source "ChessBase"]
[SourceQuality "1"]
[TimeControl "5400+30"]

1. e4 c5 2. Nf3 Nc6 3. c3 Nf6 4. e5 Nd5 5. Bc4 e6 6. d4 cxd4 7. cxd4 d6 8. O-O Be7 9. Qe2 O-O 10. Bd2 Qb6 11. Rd1 dxe5 12. dxe5 Qxb2 13. Bxd5 exd5 14. Nc3 Rd8 15. Rab1 Qc2 16. Rbc1 Qg6 17. Bf4 Be6 18. Bg3 Rac8 19. Qb5 Ba3 20. Nh4 Qg4 21. Rb1 Qc4 22. Qxc4 dxc4 23. Nb5 Rxd1+ 24. Rxd1 Bb2 25. Nf3 c3 26. Nfd4 Nxd4 27. Nxd4 Rd8 0-1

[Event "Czech Open-E Teams 2022"]
[Site "Pardubice"]
[Date "2022.07.15"]
[Round "2.34"]
[White "Brejnik, Gustav"]
[Black "Hurtik, Matej"]
[Result "1-0"]
[ECO "D11"]
[WhiteElo "2292"]
[BlackElo "2018"]
[Annotator "ChessBase"]
[PlyCount "93"]
[EventDate "2022.07.14"]
[EventType "team-tourn"]
[EventCountry "CZE"]
[SourceTitle "playchess.com"]
[Source "ChessBase"]
[SourceQuality "1"]
[TimeControl "5400+30"]

1. d4 d5 2. c4 c6 3. Nf3 e6 4. e3 f5 5. Be2 Nf6 6. O-O Bd6 7. b3 Qe7 8. Bb2 O-O 9. Nbd2 b6 10. Ne5 Bb7 11. Qc2 Nbd7 12. cxd5 cxd5 13. Rac1 Rfc8 14. Qb1 Ne4 15. Ndf3 Nxe5 16. dxe5 Bb4 17. Qa1 Ba3 18. Bxa3 Qxa3 19. Nd4 Qe7 20. Qb2 a6 21. a3 Nc5 22. a4 Ne4 23. g3 Nc5 24. Qa3 Kf7 25. b4 Ne4 26. Qb2 h6 27. f3 Ng5 28. h4 Nh7 29. Kg2 Qd7 30. b5 a5 31. Nc6 Nf8 32. Qd4 Qc7 33. e4 dxe4 34. fxe4 Nd7 35. Kh2 Nc5 36. exf5 Bxc6 37. bxc6 Kg8 38. Bc4 Rd8 39. Qf4 Qxc6 40. Bxe6+ Kh8 41. Bc4 Ra7 42. f6 g5 43. Qe3 Rad7 44. Rf2 Rd1 45. Rxd1 Rxd1 46. Bf1 Kg8 47. Bg2 1-0

[Event "Czech Open-E Teams 2022"]
[Site "Pardubice"]
[Date "2022.07.15"]
[Round "2.35"]
[White "Hofman, Krystof"]
[Black "Parizek, Vojtech"]
[Result "0-1"]
[ECO "A05"]
[WhiteElo "1972"]
[BlackElo "2217"]
[Annotator "ChessBase"]
[PlyCount "118"]
[EventDate "2022.07.14"]
[EventType "team-tourn"]
[EventCountry "CZE"]
[SourceTitle "playchess.com"]
[Source "ChessBase"]
[SourceQuality "1"]
[TimeControl "5400+30"]

1. Nf3 Nf6 2. g3 g6 3. Bg2 Bg7 4. O-O O-O 5. d3 d5 6. a3 c5 7. Nc3 Nc6 8. e4 e6 9. Bg5 h6 10. Bf4 b6 11. Qc1 Kh7 12. Re1 Bb7 13. h4 d4 14. Ne2 Ng4 15. Bh3 f5 16. Bxg4 fxg4 17. Nh2 e5 18. Bd2 Qd7 19. Rf1 Rf3 20. Kg2 Raf8 21. Ng1 R3f7 22. Qd1 Bc8 23. Qe2 Rf3 24. Qd1 Ne7 25. Ngxf3 gxf3+ 26. Kh1 Qd6 27. g4 Qf6 28. Rg1 Qxh4 29. Rg3 h5 30. gxh5 Qxh5 31. Kg1 Ng8 32. Nxf3 Kh8 33. Ng5 Qh4 34. Kg2 Nh6 35. Qh1 Qxh1+ 36. Rxh1 Kg8 37. f3 Rf6 38. Rh4 Nf7 39. Nxf7 Kxf7 40. Bg5 Rc6 41. Rh1 c4 42. Rd1 cxd3 43. cxd3 Ba6 44. Rd2 Bf8 45. f4 Bd6 46. Kf3 Rc1 47. Rgg2 Re1 48. fxe5 Bxe5 49. Bf4 Kf6 50. Kf2 Rh1 51. Bxe5+ Kxe5 52. Rxg6 Rh2+ 53. Ke1 Rh3 54. Ke2 Re3+ 55. Kf2 Bxd3 56. Rg7 Kxe4 57. Re7+ Kf4 58. Rf7+ Ke4 59. Re7+ Kf4 0-1

[Event "Czech Open-E Teams 2022"]
[Site "Pardubice"]
[Date "2022.07.15"]
[Round "2.36"]
[White "Formanek, Martin"]
[Black "Dolensky, Milan"]
[Result "1-0"]
[ECO "B28"]
[WhiteElo "2233"]
[BlackElo "2073"]
[Annotator "ChessBase"]
[PlyCount "93"]
[EventDate "2022.07.14"]
[EventType "team-tourn"]
[EventCountry "CZE"]
[SourceTitle "playchess.com"]
[Source "ChessBase"]
[SourceQuality "1"]
[TimeControl "5400+30"]

1. e4 c5 2. Nf3 a6 3. c4 Nc6 4. g3 g6 5. Nc3 Bg7 6. Bg2 d6 7. O-O e5 8. a3 Nge7 9. d3 Rb8 10. Rb1 b5 11. cxb5 axb5 12. b4 cxb4 13. axb4 O-O 14. Be3 Bg4 15. Qb3 Nd4 16. Bxd4 exd4 17. Ne2 Qb6 18. h3 Be6 19. Qb2 h6 20. Nf4 Bd7 21. Rfe1 Be5 22. Qd2 Kh7 23. Nd5 Nxd5 24. exd5 Bf6 25. Qf4 Bg7 26. h4 Bf5 27. Rbd1 Rbd8 28. g4 Bc8 29. Re7 Rd7 30. Rde1 Be5 31. R7xe5 dxe5 32. Rxe5 Qd6 33. Qxd4 Rc7 34. Re1 Rc2 35. g5 h5 36. Ne5 Bf5 37. Ra1 Rc7 38. f4 Kg8 39. Kh2 Rd8 40. Ra5 Bd7 41. Kg3 Bc6 42. Ra6 Ra8 43. Rxc6 Rxc6 44. Nxc6 Ra3 45. Be4 Qd7 46. Bf3 Qf5 47. Ne7+ 1-0

[Event "Czech Open-E Teams 2022"]
[Site "Pardubice"]
[Date "2022.07.15"]
[Round "2.37"]
[White "Neuman, Petr"]
[Black "Vanek, Ladislav"]
[Result "1-0"]
[ECO "A20"]
[WhiteElo "2378"]
[BlackElo "2199"]
[Annotator "ChessBase"]
[PlyCount "71"]
[EventDate "2022.07.14"]
[EventType "team-tourn"]
[EventCountry "CZE"]
[SourceTitle "playchess.com"]
[Source "ChessBase"]
[SourceQuality "1"]
[TimeControl "5400+30"]

1. c4 e5 2. g3 Nc6 3. Bg2 Bc5 4. Nc3 a6 5. e3 d6 6. Nge2 Ba7 7. a3 h5 8. h3 h4 9. g4 f5 10. gxf5 Bxf5 11. Ne4 Nge7 12. N2c3 Qd7 13. b4 Qe6 14. d3 Qg6 15. Bf3 Be6 16. Ke2 d5 17. cxd5 Nxd5 18. Nxd5 Bxd5 19. Qg1 Qf7 20. Qg4 Bd4 21. Rb1 Ba2 22. Bd2 Bxb1 23. Rxb1 Bb6 24. Ng5 Qf6 25. Rg1 Rd8 26. Ne6 Rd7 27. Be4 g5 28. Bc3 Rf7 29. Rg2 Ke7 30. Nxg5 Rg8 31. f4 Nd4+ 32. exd4 exf4 33. d5 f3+ 34. Bxf3 Qf5 35. Qe4+ Kf8 36. Ne6+ 1-0

[Event "Czech Open-E Teams 2022"]
[Site "Pardubice"]
[Date "2022.07.15"]
[Round "2.38"]
[White "Krmela, Ales"]
[Black "Wasserbauer, Radek"]
[Result "1/2-1/2"]
[ECO "B01"]
[WhiteElo "2065"]
[BlackElo "2164"]
[Annotator "ChessBase"]
[PlyCount "74"]
[EventDate "2022.07.14"]
[EventType "team-tourn"]
[EventCountry "CZE"]
[SourceTitle "playchess.com"]
[Source "ChessBase"]
[SourceQuality "1"]
[TimeControl "5400+30"]

1. e4 d5 2. exd5 Qxd5 3. Nc3 Qa5 4. d4 c6 5. Bd2 Nf6 6. Nf3 Bf5 7. Bc4 e6 8. O-O Nbd7 9. a3 Qc7 10. h3 Be7 11. Re1 O-O 12. Nh4 Bg6 13. Nxg6 hxg6 14. Qf3 Rad8 15. Bb3 Nb6 16. Bf4 Qc8 17. Rad1 Nbd5 18. Nxd5 cxd5 19. Re3 Qd7 20. Qe2 b5 21. g4 a6 22. Rc3 Rc8 23. Rdd3 Ne4 24. Rxc8 Rxc8 25. f3 Nd6 26. Rd2 Nc4 27. Bxc4 Rxc4 28. Qh2 a5 29. h4 b4 30. axb4 axb4 31. Bg5 Bd6 32. Qe2 Qa7 33. Qd1 Qc7 34. Be3 Bf4 35. Bxf4 Qxf4 36. Kg2 Kh7 37. Rd3 f5 1/2-1/2

[Event "Czech Open-E Teams 2022"]
[Site "Pardubice"]
[Date "2022.07.15"]
[Round "2.39"]
[White "Urban, Tomas"]
[Black "Opravil, Karel"]
[Result "0-1"]
[ECO "A46"]
[WhiteElo "1815"]
[BlackElo "2065"]
[Annotator "ChessBase"]
[PlyCount "90"]
[EventDate "2022.07.14"]
[EventType "team-tourn"]
[EventCountry "CZE"]
[SourceTitle "playchess.com"]
[Source "ChessBase"]
[SourceQuality "1"]
[TimeControl "5400+30"]

1. d4 Nf6 2. Nf3 e6 3. e3 c5 4. c3 b6 5. Bd3 Bb7 6. Nbd2 d5 7. O-O Nbd7 8. Ne5 Bd6 9. f4 O-O 10. g4 Ne4 11. Qf3 Bxe5 12. fxe5 f6 13. Nxe4 fxe5 14. Qh3 Rxf1+ 15. Bxf1 dxe4 16. Bd2 Qg5 17. Bb5 Nf6 18. Bc4 Bd5 19. dxe5 Nxg4 20. Bxd5 exd5 21. Rf1 Nxe5+ 22. Kh1 Nf3 23. Be1 Nxe1 24. Rxe1 Rf8 25. Re2 Qf6 26. Kg1 Qf3 27. Qxf3 Rxf3 28. Kg2 Kf7 29. Kg1 Ke6 30. Kg2 Ke5 31. Kg1 g5 32. Kg2 g4 33. Kg1 h5 34. Kg2 h4 35. Kg1 g3 36. h3 Rf2 37. Rxf2 gxf2+ 38. Kxf2 d4 39. cxd4+ cxd4 40. exd4+ Kxd4 41. Ke2 e3 42. a3 Ke4 43. b3 Kd4 44. b4 b5 45. Kd1 Kd3 0-1

[Event "Czech Open-E Teams 2022"]
[Site "Pardubice"]
[Date "2022.07.15"]
[Round "2.40"]
[White "Reichl, Roman"]
[Black "Svadlenka, Jaroslav"]
[Result "0-1"]
[ECO "E20"]
[WhiteElo "1770"]
[BlackElo "1872"]
[Annotator "NA"]
[PlyCount "42"]
[EventDate "2022.07.14"]
[EventType "team-tourn"]
[EventCountry "CZE"]
[SourceTitle "playchess.com"]
[Source "ChessBase"]
[SourceQuality "1"]
[TimeControl "5400+30"]

1. d4 Nf6 2. c4 e6 3. Nc3 Bb4 4. Bd2 O-O 5. Nf3 b6 6. e3 Bb7 7. Be2 d5 8. cxd5 exd5 9. O-O Nbd7 10. Qb3 Bxc3 11. Bxc3 Ne4 12. Rac1 Rb8 13. Rfd1 c5 14. dxc5 bxc5 15. Be5 Nxe5 16. Nxe5 Qf6 17. f4 Qh4 18. g3 Nxg3 19. hxg3 Qxg3+ 20. Kf1 d4 21. e4 Qxf4+ 0-1

[Event "Czech Open-E Teams 2022"]
[Site "Pardubice"]
[Date "2022.07.15"]
[Round "2.41"]
[White "Dvorak, Martin"]
[Black "Dolezal, Radoslav"]
[Result "1/2-1/2"]
[ECO "B12"]
[WhiteElo "2142"]
[BlackElo "2392"]
[Annotator "ChessBase"]
[PlyCount "28"]
[EventDate "2022.07.14"]
[EventType "team-tourn"]
[EventCountry "CZE"]
[SourceTitle "playchess.com"]
[Source "ChessBase"]
[SourceQuality "1"]
[TimeControl "5400+30"]

1. e4 c6 2. d4 d5 3. Nd2 Nd7 4. Ngf3 dxe4 5. Nxe4 Ndf6 6. Ng3 Bg4 7. c3 e6 8. h3 Bxf3 9. Qxf3 Qd5 10. Be2 Bd6 11. Qd3 Ne7 12. Bf3 Qa5 13. Ne4 Nxe4 14. Qxe4 O-O 1/2-1/2

[Event "Czech Open-E Teams 2022"]
[Site "Pardubice"]
[Date "2022.07.15"]
[Round "2.42"]
[White "Postupa, Pavel"]
[Black "Vecera, Dominik"]
[Result "1/2-1/2"]
[ECO "B27"]
[WhiteElo "2235"]
[BlackElo "2066"]
[Annotator "ChessBase"]
[PlyCount "92"]
[EventDate "2022.07.14"]
[EventType "team-tourn"]
[EventCountry "CZE"]
[SourceTitle "playchess.com"]
[Source "ChessBase"]
[SourceQuality "1"]
[TimeControl "5400+30"]

1. e4 c5 2. Nf3 g6 3. g3 Bg7 4. Bg2 Nc6 5. O-O e6 6. Nc3 Nge7 7. d3 O-O 8. Be3 Nd4 9. Qd2 Nec6 10. Ne1 d6 11. f4 Rb8 12. Nd1 Ne7 13. c3 Ndc6 14. d4 cxd4 15. cxd4 d5 16. e5 a5 17. Rc1 b6 18. g4 f5 19. h3 Qd7 20. Nf2 a4 21. Ned3 Na5 22. Nb4 Bb7 23. Nfd3 Rfc8 24. Qf2 Bf8 25. Bf3 Rc4 26. Bd1 Rbc8 27. Bxa4 Qxa4 28. b3 Qb5 29. a4 Qd7 30. bxc4 dxc4 31. Nb2 Nd5 32. Nxd5 Qxd5 33. Kh2 Ba3 34. Rc2 c3 35. Nd1 Bb4 36. gxf5 exf5 37. Bc1 Nb3 38. Ne3 Qxd4 39. Rd1 Qe4 40. Qh4 Nd4 41. Rxd4 Qh1+ 42. Kg3 Qf3+ 43. Kh2 Qh1+ 44. Kg3 Qf3+ 45. Kh2 Qxe3 46. Rd1 Qd4 1/2-1/2

[Event "Czech Open-E Teams 2022"]
[Site "Pardubice"]
[Date "2022.07.15"]
[Round "2.43"]
[White "Vrzal, Filip"]
[Black "Vokoun, Jan"]
[Result "1-0"]
[ECO "B43"]
[WhiteElo "1849"]
[BlackElo "2056"]
[Annotator "ChessBase"]
[PlyCount "67"]
[EventDate "2022.07.14"]
[EventType "team-tourn"]
[EventCountry "CZE"]
[SourceTitle "playchess.com"]
[Source "ChessBase"]
[SourceQuality "1"]
[TimeControl "5400+30"]

1. e4 c5 2. Nf3 e6 3. d4 cxd4 4. Nxd4 a6 5. Nc3 Qc7 6. Bd3 Bd6 7. Qg4 h5 8. Qe2 Nc6 9. Nb3 b5 10. Be3 Nf6 11. h3 Ne5 12. O-O Nfg4 13. Bd4 Nxd3 14. cxd3 Bh2+ 15. Kh1 Be5 16. Bxe5 Nxe5 17. f4 Ng6 18. Qf2 Qa7 19. Qg3 h4 20. Qg4 Kf8 21. f5 Ne5 22. Qf4 f6 23. fxe6 d6 24. d4 Nc4 25. d5 Qe3 26. Qf5 Nxb2 27. Qg6 Ra7 28. Nd1 Nxd1 29. Rc1 Nc3 30. Rf3 Qh6 31. Qxh6 gxh6 32. Rfxc3 Bb7 33. Rc7 a5 34. Rf7+ 1-0

[Event "Czech Open-E Teams 2022"]
[Site "Pardubice"]
[Date "2022.07.15"]
[Round "2.44"]
[White "Krouzel, Jaroslav"]
[Black "Dvoulety, Tomas"]
[Result "1-0"]
[ECO "D02"]
[WhiteElo "2145"]
[BlackElo "1984"]
[Annotator "ChessBase"]
[PlyCount "90"]
[EventDate "2022.07.14"]
[EventType "team-tourn"]
[EventCountry "CZE"]
[SourceTitle "playchess.com"]
[Source "ChessBase"]
[SourceQuality "1"]
[TimeControl "5400+30"]

1. d4 d5 2. Nf3 Nf6 3. Bf4 c5 4. e3 e6 5. c3 Be7 6. Nbd2 O-O 7. Bd3 b6 8. Ne5 Ba6 9. Bxa6 Nxa6 10. O-O Nc7 11. Qf3 Nce8 12. Rfd1 cxd4 13. cxd4 Rc8 14. Rac1 Nd6 15. Qe2 Rc7 16. Nb3 h6 17. Rxc7 Qxc7 18. Rc1 Qb7 19. Nc6 Rc8 20. Nxe7+ Qxe7 21. Rxc8+ Nxc8 22. Qc2 Nd6 23. Nd2 Nfe4 24. Nxe4 Nxe4 25. f3 Qb4 26. Qc8+ Kh7 27. Qc1 Nd6 28. a3 Qc4 29. Qb1+ Nf5 30. g4 g6 31. gxf5 exf5 32. Qf1 Qc2 33. Qf2 Qc1+ 34. Kg2 Kg7 35. Be5+ Kh7 36. Bg3 Kg7 37. Qe2 h5 38. Bf2 Kh7 39. Qb5 Kg7 40. Qxd5 Qxb2 41. Qe5+ Kh7 42. Qe7 Qb3 43. Qxa7 b5 44. Qc5 Kg7 45. d5 Qb4 1-0

[Event "Czech Open-E Teams 2022"]
[Site "Pardubice"]
[Date "2022.07.15"]
[Round "3.1"]
[White "Mladek, Richard"]
[Black "Vykouk, Jan"]
[Result "0-1"]
[ECO "E91"]
[WhiteElo "2330"]
[BlackElo "2476"]
[Annotator "ChessBase"]
[PlyCount "100"]
[EventDate "2022.07.14"]
[EventType "team-tourn"]
[EventCountry "CZE"]
[SourceTitle "playchess.com"]
[Source "ChessBase"]
[SourceQuality "1"]
[TimeControl "5400+30"]

1. d4 Nf6 2. c4 g6 3. Nc3 Bg7 4. e4 d6 5. Nf3 O-O 6. Be2 Nbd7 7. O-O e5 8. Be3 Re8 9. Qc2 b6 10. d5 a5 11. Nd2 Nc5 12. Qd1 Bd7 13. g4 h6 14. f3 Kh7 15. b3 Ng8 16. a3 Bf6 17. b4 Na6 18. c5 bxc5 19. b5 Nb8 20. Nc4 Bg5 21. Qd2 Bxe3+ 22. Qxe3 Bc8 23. f4 exf4 24. Rxf4 f6 25. a4 Nd7 26. Nb1 Ne7 27. Qd2 g5 28. Rf2 Ng6 29. Nxa5 Rxe4 30. Nc3 Rd4 31. Nc6 Rxd2 32. Nxd8 Nf4 33. Bf1 Rxf2 34. Kxf2 Ne5 35. h3 Bxg4 36. hxg4 Rxd8 37. Kg3 Ra8 38. a5 Kg7 39. a6 Nd7 40. Re1 Kf7 41. Bg2 Nb6 42. Be4 Re8 43. Kf3 h5 44. gxh5 f5 45. Rg1 fxe4+ 46. Nxe4 Nxh5 47. Nxg5+ Ke7 48. Re1+ Kd7 49. Rxe8 Kxe8 50. Ne6 Kd7 0-1

[Event "Czech Open-E Teams 2022"]
[Site "Pardubice"]
[Date "2022.07.15"]
[Round "3.2"]
[White "Simacek, Pavel"]
[Black "Kawulok, Marek"]
[Result "1-0"]
[ECO "E32"]
[WhiteElo "2458"]
[BlackElo "2181"]
[Annotator "ChessBase"]
[PlyCount "59"]
[EventDate "2022.07.14"]
[EventType "team-tourn"]
[EventCountry "CZE"]
[SourceTitle "playchess.com"]
[Source "ChessBase"]
[SourceQuality "1"]
[TimeControl "5400+30"]

1. d4 Nf6 2. c4 e6 3. Nc3 Bb4 4. Qc2 O-O 5. e4 c5 6. a3 cxd4 7. axb4 dxc3 8. e5 cxb2 9. Bxb2 Ne8 10. Bd3 f5 11. exf6 Nxf6 12. Nf3 d6 13. Ng5 Nc6 14. Bxh7+ Kh8 15. Bg6 Qe7 16. b5 Ng4 17. Nf7+ Rxf7 18. Bxf7 Qxf7 19. bxc6 bxc6 20. O-O Qf4 21. g3 Qh6 22. h4 e5 23. Rad1 d5 24. cxd5 cxd5 25. Rxd5 Bb7 26. Rd7 Bc6 27. Rc7 Bf3 28. Rc8+ Rxc8 29. Qxc8+ Kh7 30. Qf5+ 1-0

[Event "Czech Open-E Teams 2022"]
[Site "Pardubice"]
[Date "2022.07.15"]
[Round "3.3"]
[White "Lhotska, Anna"]
[Black "Vlasak, Lukas"]
[Result "0-1"]
[ECO "B13"]
[WhiteElo "2113"]
[BlackElo "2442"]
[Annotator "ChessBase"]
[PlyCount "96"]
[EventDate "2022.07.14"]
[EventType "team-tourn"]
[EventCountry "CZE"]
[SourceTitle "playchess.com"]
[Source "ChessBase"]
[SourceQuality "1"]
[TimeControl "5400+30"]

1. e4 c6 2. d4 d5 3. exd5 cxd5 4. Bd3 Nc6 5. c3 Qc7 6. Ne2 Bg4 7. O-O e6 8. Qe1 Nf6 9. f3 Bh5 10. Nf4 Bg6 11. Qh4 Rg8 12. Nxg6 hxg6 13. Bf4 Bd6 14. Bxd6 Qxd6 15. Nd2 Ne7 16. Qg3 Nf5 17. Qxd6 Nxd6 18. Rfe1 Ke7 19. Nb3 Rgc8 20. a4 a5 21. Kf2 Nd7 22. Re2 Kf6 23. Ra3 g5 24. Bb5 Nxb5 25. axb5 a4 26. Nc1 Ra5 27. Nd3 Rca8 28. Re1 Rxb5 29. Rea1 Nb6 30. Kg3 Nc4 31. Rxa4 Rxa4 32. Rxa4 Nxb2 33. Nxb2 Rxb2 34. c4 dxc4 35. Rxc4 Kg6 36. Rc7 f5 37. Rd7 Rb5 38. h4 gxh4+ 39. Kxh4 Kf6 40. f4 b6 41. Rb7 Rb4 42. Kg3 g5 43. fxg5+ Kxg5 44. Rg7+ Kf6 45. Rd7 Rb3+ 46. Kf4 Rd3 47. g4 Rxd4+ 48. Rxd4 e5+ 0-1

[Event "Czech Open-E Teams 2022"]
[Site "Pardubice"]
[Date "2022.07.15"]
[Round "3.4"]
[White "Kraus, Tomas"]
[Black "Noha, Michal"]
[Result "1-0"]
[ECO "A22"]
[WhiteElo "2488"]
[BlackElo "1949"]
[Annotator "ChessBase"]
[PlyCount "53"]
[EventDate "2022.07.14"]
[EventType "team-tourn"]
[EventCountry "CZE"]
[SourceTitle "playchess.com"]
[Source "ChessBase"]
[SourceQuality "1"]
[TimeControl "5400+30"]

1. c4 e5 2. Nc3 Nf6 3. Nf3 d6 4. g3 g6 5. Bg2 Bg7 6. O-O O-O 7. d4 exd4 8. Nxd4 a6 9. b3 Re8 10. Bb2 Nbd7 11. Qc2 Rb8 12. Rad1 Qe7 13. a4 Ne5 14. Nd5 Nxd5 15. cxd5 Qd8 16. Rc1 Re7 17. h3 f6 18. f4 Nf7 19. e4 f5 20. exf5 Bxd4+ 21. Bxd4 Bxf5 22. Qd2 Qd7 23. Ba1 Qe8 24. Rfe1 Rc8 25. Qc3 Rxe1+ 26. Rxe1 Qf8 27. Qf6 1-0